 Dungeon Crawl Stone Soup version 0.27.0-1-g7a089689b8 (webtiles) character file.

Game seed: 9200025190744135168

111 Treizu the Slasher (level 4, 0/48 HPs)
             Began as a Gnoll Wanderer on July 31, 2021.
             Was a Believer of Vehumet.
             Killed from afar by an orc wizard (4 damage)
             ... with a magic dart
             ... on level 3 of the Dungeon.
             The game lasted 00:26:31 (3110 turns).

Treizu the Slasher (Gnoll Wanderer)                 Turns: 3110, Time: 00:26:32

Health: 0/48       AC: 22    Str: 11    XL:     4   Next: 92%
Magic:  4/5        EV:  2    Int: 11    God:    Vehumet [**....]
Gold:   92         SH:  0    Dex: 13    Spells: 4/5 levels left

rFire    . . .     SeeInvis .   a - +2 falchion
rCold    . . .     Faith    .   (no shield)
rNeg     + + +     Spirit   .   (armour currently unavailable)
rPois    +         Reflect  .   (helmet currently unavailable)
rElec    .         Harm     .   (cloak currently unavailable)
rCorr    +         Rampage  .   (gloves currently unavailable)
Will     .....     NoTele   +   (boots currently unavailable)
Stlth    +++.......             (no amulet)
HPRegen  0.16/turn              q - ring of resist corrosion
MPRegen  0.09/turn              (no ring)

@: tree-form, studying Slings
A: stationary, stasis, torment immunity, boosted hp, (fangs 1), strong nose,
distributed training
a: Renounce Religion


You were on level 3 of the Dungeon.
You worshipped Vehumet.
Vehumet was pleased with you.
You were a tree.
You visited 1 branch of the dungeon, and saw 4 of its levels.

You collected 92 gold pieces.

Inventory:

Hand Weapons
 a - a +2 falchion (weapon)
 c - a +0 dagger
 k - a +2 vorpal trident
 p - a +0 quarterstaff
 s - a +0 whip
Missiles
 d - 9 boomerangs
 f - 52 stones
Armour
 b - a +0 robe
 i - a +0 robe (melded)
 m - a +0 ring mail
 n - a +0 scale mail
 o - a +0 robe
 u - a +0 leather armour
 y - a +0 robe
Magical Staves
 t - a staff of fire
Jewellery
 q - a ring of resist corrosion (left branch)
 x - a +4 ring of slaying
Wands
 w - a wand of polymorph (13)
Scrolls
 g - 6 scrolls of identify {unknown}
 r - a scroll of vulnerability {unknown}
 v - a scroll of teleportation {unknown}
Potions
 h - a potion of attraction {unknown}
 j - 3 potions of flight
 z - 2 potions of berserk rage {unknown}


   Skills:
 + Level 1.2 Fighting
 + Level 1.2 Short Blades
 + Level 6.6 Long Blades
 + Level 1.2 Axes
 + Level 1.2 Maces & Flails
 + Level 1.2 Polearms
 + Level 1.2 Staves
 + Level 1.8 Slings
 + Level 1.2 Bows
 + Level 1.2 Crossbows
 + Level 2.8 Throwing
 + Level 1.2 Armour
 + Level 2.8 Dodging
 + Level 4.3 Stealth
 + Level 1.2 Shields
 + Level 1.2 Unarmed Combat
 + Level 1.2 Spellcasting
 + Level 1.0 Conjurations
 + Level 1.0 Hexes
 + Level 1.0 Summonings
 + Level 1.0 Necromancy
 + Level 1.0 Translocations
 + Level 1.0 Transmutations
 + Level 2.3 Fire Magic
 + Level 1.0 Ice Magic
 + Level 1.0 Air Magic
 + Level 1.0 Earth Magic
 + Level 3.9 Poison Magic
 + Level 1.4 Invocations
 + Level 1.2 Evocations


You had 4 spell levels left.
You knew the following spells:

 Your Spells              Type           Power      Damage    Failure   Level
a - Sting                 Tmut/Pois      24%        1d4       12%         1

Your spell library contained the following spells:

 Spells                   Type           Power      Damage    Failure   Level
 Magic Dart               Conj           12%        1d3       21%         1
 Apportation              Tloc           6%         N/A       21%         1
 Mephitic Cloud           Conj/Pois/Air  5%         N/A       38%         3
 Portal Projectile        Hex/Tloc       6%         N/A       52%         3
 Teleport Other           Tloc           3%         N/A       52%         3
 Blade Hands              Tmut           1%         N/A       99%         5
 Excruciating Wounds      Necr           1%         N/A       99%         5


Dungeon Overview and Level Annotations

Branches:
Dungeon (4/15)
 Temple: D:4-7

Altars:
Vehumet


Innate Abilities, Weirdness & Mutations

You are a tree.
Your roots penetrate the ground, keeping you stationary.
You cannot be teleported.
You are immune to unholy pain and torment.
Your maximum health is greatly increased.
Your equipment is partially melded.
((You have very sharp teeth.))
Your uncanny sense of smell can sniff out nearby items.
Your experience applies equally to all skills.


Message History

You hit the orc wizard.
The orc wizard is moderately wounded.
The orc wizard casts a spell at you. The magic dart hits you!
* * * LOW HITPOINT WARNING * * *
Aiming: Sting (safe; 12% risk of failure)
Press: ? - help, Q - select action, (/) - cycle Shift-Dir - straight line, f/p - orc wizard
Aim: an orc wizard, wielding a +0 dagger and wearing a +0 robe (moderately wounded, 60% to hit)
The sting hits the orc wizard.
The orc wizard is poisoned.
The orc wizard is moderately wounded.
The orc wizard casts a spell at you.
You are confused.
The orc wizard points at you and mumbles some strange words.
You resist with some effort.
Things that are here:
a +0 short sword; a +0 leather armour; an orc corpse The orc wizard misses you.
There is a stone staircase leading up, spattered with blood here.
The orc wizard hits you with a +0 dagger.
* * * LOW HITPOINT WARNING * * *
You climb upwards.
There is a stone staircase leading down here.
You're too confused to cast spells.
Really quaff the potion of lignification?
You turn into a tree.
Your +0 robe melds into your body.
Your roots penetrate the ground.
You feel less confused.
The orc wizard looks more healthy.
The orc wizard hits you with a +0 dagger.
* * * LOW HITPOINT WARNING * * *
An orc wizard is nearby!
You hit the orc wizard.
The orc wizard is heavily wounded.
The orc wizard points at you and mumbles some strange words.
The puff of flame hits you but does no damage.
You hit the orc wizard.
The orc wizard is almost dead.
The orc wizard casts a spell at you. The magic dart hits you.
You die...

#.# #.##......#### #.#
#.##.###...... #.#
#.##.###.##... #.#
#........##.## #.#
#.#####....... #.#
##.#####......< ##### ####.#
#.........##...
##...###....#####.........####.
#..#..#..#..##♣##...[.....# #.
#.###...###..o............####.
#..#..#..#..##.##.............#
##...###...###.##.......#.####.
##.## ##.## #.##.......#.#
##...###...###.#######.##.#
##..#.)#..#..##.# #.##.#
#..###...###.##.# #.##.#
#...#..#..#..##.# #.##.#


You could see an orc wizard.

Vanquished Creatures
  An orc wizard (D:2)
  An adder (D:2)
  A dart slug (D:3)
  10 orcs
  A bat (D:1)
  An endoplasm (D:1)
  4 goblins
  4 hobgoblins
  4 jackals (D:2)
  3 quokkas
  A ball python (D:1)
  A frilled lizard (D:2)
  9 kobolds
  3 rats
44 creatures vanquished.

Vanquished Creatures (collateral kills)
  An orc wizard (D:3)
1 creature vanquished.

Grand Total: 45 creatures vanquished

Notes
Turn   | Place    | Note
-------+----------+-------------------------------------------
     0 | D:1      | Treizu the Gnoll Wanderer began the quest for the Orb.
     0 | D:1      | Treizu set off with the following items: a +2 falchion, a
                  | +0 robe, a +0 dagger; and the following spells available to
                  | memorise: Sting, Apportation, Mephitic Cloud, Teleport
                  | Other
     0 | D:1      | Reached XP level 1. HP: 13/13 MP: 1/1
   144 | D:1      | Reached XP level 2. HP: 11/19 MP: 2/2
  1304 | D:2      | Learned a level 1 spell: Sting
  1326 | D:2      | Reached XP level 3. HP: 23/25 MP: 1/3
  1329 | D:2      | Found a faded altar of an unknown god.
  1346 | D:2      | Became a worshipper of Vehumet
  1346 | D:2      | Reached * piety under Vehumet
  1346 | D:2      | Offered knowledge of Freeze by Vehumet.
  1625 | D:2      | Reached skill level 1 in Fighting
  1625 | D:2      | Reached skill level 1 in Short Blades
  1625 | D:2      | Reached skill level 1 in Axes
  1625 | D:2      | Reached skill level 1 in Maces & Flails
  1625 | D:2      | Reached skill level 1 in Polearms
  1625 | D:2      | Reached skill level 1 in Staves
  1625 | D:2      | Reached skill level 1 in Slings
  1625 | D:2      | Reached skill level 1 in Bows
  1625 | D:2      | Reached skill level 1 in Crossbows
  1625 | D:2      | Reached skill level 1 in Armour
  1625 | D:2      | Reached skill level 1 in Shields
  1625 | D:2      | Reached skill level 1 in Unarmed Combat
  1625 | D:2      | Reached skill level 1 in Spellcasting
  1625 | D:2      | Reached skill level 1 in Invocations
  1625 | D:2      | Reached skill level 1 in Evocations
  1898 | D:2      | You fall into a shaft and drop 1 floor!
  1903 | D:3      | Reached XP level 4. HP: 32/32 MP: 3/5
  2368 | D:3      | Reached skill level 1 in Conjurations
  2368 | D:3      | Reached skill level 1 in Hexes
  2368 | D:3      | Reached skill level 1 in Summonings
  2368 | D:3      | Reached skill level 1 in Necromancy
  2368 | D:3      | Reached skill level 1 in Translocations
  2368 | D:3      | Reached skill level 1 in Transmutations
  2368 | D:3      | Reached skill level 1 in Ice Magic
  2368 | D:3      | Reached skill level 1 in Air Magic
  2368 | D:3      | Reached skill level 1 in Earth Magic
  2756 | D:2      | Reached ** piety under Vehumet
  3091 | D:4      | Offered knowledge of Magic Dart by Vehumet.
  3110 | D:3      | Killed from afar by an orc wizard

Illustrated notes

Levels and vault maps discovered:
D:1:      minmay_arrival_jagged, layout_basic, minmay_misc_feat_ornament
D:2:      layout_loops_cross, basic_ecumenical_altar
D:3:      layout_loops_ring, minmay_misc_feat_tower, minmay_strange_pillars,
          minmay_ogre_servants
D:4:      layout_basic, serial_corexii_hall, chequers_hall_statues_corner_a,
          corexii_hall_statues_i, corexii_hall_statues_t, hangedman_glass_teeth,
          minmay_cupped

Skill      XL: |  1  2  3  4 |
---------------+-------------+-----
Fire Magic     | 2 |  2.3
Fighting       | 1 |  1.2
Short Blades   | 1 |  1.2
Axes           | 1 |  1.2
Maces & Flails | 1 |  1.2
Polearms       | 1 |  1.2
Staves         | 1 |  1.2
Slings         | 1 |  1.8
Bows           | 1 |  1.2
Crossbows      | 1 |  1.2
Armour         | 1 |  1.2
Shields        | 1 |  1.2
Unarmed Combat | 1 |  1.2
Spellcasting   | 1 |  1.2
Invocations    | 1 |  1.4
Evocations     | 1 |  1.2
Conjurations   | 1 |  1.0
Hexes          | 1 |  1.0
Summonings     | 1 |  1.0
Necromancy     | 1 |  1.0
Translocations | 1 |  1.0
Transmutations | 1 |  1.0
Ice Magic      | 1 |  1.0
Air Magic      | 1 |  1.0
Earth Magic    | 1 |  1.0
Long Blades    | |  6.6
Throwing       | |  2.8
Dodging        | |  2.8
Stealth        | |  4.3
Poison Magic   | |  3.9

Action                   |  1- 3 |  4- 6 || total
-------------------------+-------+-------++-------
Melee: Falchion          |    49 |    41 ||    90
       Bite              |     4 |     6 ||    10
       Trident           |     1 |       ||     1
Throw: Boomerang         |    15 |     4 ||    19
 Cast: Sting             |     3 |    12 ||    15
  Use: Potion            |     1 |     4 ||     5
       Scroll            |       |     1 ||     1
 Stab: Sleeping          |     4 |     3 ||     7
Armor: Robe              |     6 |     4 ||    10
       Skin              |     6 |     1 ||     7
Dodge: Dodged            |    30 |    22 ||    52
       Rpst.: Falchion   |    12 |     6 ||    18
